 Dungeon Crawl Stone Soup version 0.22-a0-346-ga714374 (webtiles) character file.

72675 erloom the Martial Artist (level 15, -8/139 HPs)
             Began as a Naga Transmuter on Apr 5, 2018.
             Was the Champion of Cheibriados.
             Mangled by a titanic slime creature (48 damage)
             ... on level 14 of the Dungeon on Apr 6, 2018.
             The game lasted 01:42:19 (24158 turns).

erloom the Martial Artist (Naga Transmuter)        Turns: 24158, Time: 01:42:20

Health: -8/139     AC: 19    Str: 27    XL:     15   Next: 40%
Magic:  15/30      EV: 12    Int: 35    God:    Cheibriados [******]
Gold:   1334       SH:  0    Dex: 27    Spells: 17/36 levels left

rFire    + . .     SeeInvis +     - Unarmed
rCold    + . .     Gourm    +   (shield currently unavailable)
rNeg     . . .     Faith    .   l - +4 ring mail
rPois    +         Spirit   .   t - +2 helmet
rElec    .         Reflect  .   F - scarf {rC+ rF+}
rCorr    .         Harm     .   (gloves currently unavailable)
MR       ++...                  (no barding)
Stlth    ++........             h - amulet of the gourmand
HPRegen  0.33/turn              C - ring of protection from magic
MPRegen  0.22/turn              n - +4 ring of protection

@: blade hands, very slightly contaminated, very slow
A: large, see invisible, deformed body, poison resistance, slowness 2, slow
metabolism 1, spit poison 1, constrict 1, AC +5
a: Spit Poison, End Transformation, Bend Time, Temporal Distortion, Slouch, Step
From Time, Renounce Religion


You were on level 14 of the Dungeon.
You worshipped Cheibriados.
Cheibriados was exalted by your worship.
You were completely stuffed.
You had blades for hands.
You visited 4 branches of the dungeon, and saw 23 of its levels.
You also visited: Labyrinth and Sewer.

You collected 2271 gold pieces.
You spent 937 gold pieces at shops.

Inventory:

Missiles
 a - 536 arrows
Armour
 l - a +4 ring mail (worn)
 t - a +2 helmet (worn)
 w - a +1 robe of magic resistance
 y - a +1 buckler of protection
 F - a scarf of resistance (worn)
 J - a +0 pair of gloves (melded)
 L - a +0 buckler
Jewellery
 b - an uncursed ring of flight
 g - a cursed -3 ring of dexterity
 h - an amulet of the gourmand (around neck)
 i - an uncursed ring of protection from magic
 n - a +4 ring of protection (right scythe-like blade)
 o - an uncursed ring of protection from fire
 C - a ring of protection from magic (left scythe-like blade)
 H - an uncursed amulet of guardian spirit
 U - a +4 ring of evasion
 Z - an uncursed amulet of the acrobat
Wands
 u - a wand of enslavement (12)
 v - a wand of flame (40)
 B - a wand of polymorph (20)
 D - a wand of paralysis (32)
Scrolls
 c - 10 scrolls of teleportation
 p - 7 scrolls of remove curse
 r - 3 scrolls of immolation
 s - 4 scrolls of fear
 x - a scroll of blinking
 N - 4 scrolls of magic mapping
 P - a scroll of enchant armour
 S - 3 scrolls of enchant weapon
Potions
 e - 2 potions of flight
 f - a potion of brilliance
 k - 9 potions of curing
 m - 4 potions of might
 q - 2 potions of mutation
 z - a potion of resistance
 A - a potion of heal wounds
 G - a potion of lignification
 I - 3 potions of cancellation
 K - a potion of invisibility
 M - 2 potions of agility
 T - a potion of ambrosia {unknown}
 V - a potion of magic {unknown}
Miscellaneous
 X - a lightning rod (3/4)
Comestibles
 d - 32 rations


   Skills:
 - Level 10.3 Fighting
 - Level 3.3 Armour
 - Level 3.3 Dodging
 - Level 3.0 Stealth
 - Level 12.0 Unarmed Combat
 + Level 11.3 Spellcasting
 + Level 10.8 Transmutations
 - Level 3.1 Ice Magic
 - Level 10.0 Earth Magic
 - Level 5.0 Poison Magic
 - Level 10.0 Invocations


You had 17 spell levels left.
You knew the following spells:

 Your Spells              Type           Power        Failure   Level  Hunger
a - Beastly Appendage     Tmut           ######       5%          1    None
b - Spider Form           Tmut/Pois      ######....   11%         3    None
c - Blade Hands           Tmut           #######...   16%         5    #......
d - Ice Form              Ice/Tmut       ######..     21%         4    None
e - Statue Form           Tmut/Erth      #######..    38%         6    ####...


Dungeon Overview and Level Annotations

Branches:
Dungeon (14/15)            Temple (1/1) D:6            Lair (6/6) D:10
  Swamp (0/4) Lair:4       Spider (0/4) Lair:3        Slime (0/5) Lair:6
    Orc (2/2) D:10            Elf (0/3) Orc:2        Vaults (0/5) D:14

Altars:
Ashenzari
Cheibriados
Gozag
Kikubaaqudgha
Nemelex Xobeh
Okawaru
Qazlal
Ru
Sif Muna
Trog
Uskayaw
Vehumet
Wu Jian
Xom
Yredelemnul
Zin
Beogh
Jiyva

Shops:
D:4 (   D:5 (*   D:13 !   Orc:2 [?=(

Portals:
Trove: D:14 (give +7 demon blade)

Annotations:
D:5 magasin avec dig
D:7 2 exclusions
D:12 1 runed door, 1 exclusion
Lair:3 exclusion: oklob plant
Lair:6 1 runed door


Innate Abilities, Weirdness & Mutations

You cannot wear boots.
Your serpentine skin is tough. (AC +5)
You have supernaturally acute eyesight. (SInv)
Armour fits poorly on your strangely shaped body.
Your system is resistant to poisons. (rPois)
You cover ground very slowly.
You have a slow metabolism.
You can spit poison.
You can use your snake-like lower body to constrict enemies.


Message History

Okay, then.
Blink to where?
Press: ? - help, Dir - move target cursor You are very lightly contaminated with residual magic.
As you read the scroll of blinking, it crumbles to dust.
Okay, then.
You can feel time thicken for a moment.
You feel somewhat less full.
You can feel time thicken for a moment.
You feel somewhat less full.
You can feel time thicken for a moment.
You feel somewhat less full.
Evoke which item? (* to show all) (? for menu, Esc to quit)
Aiming: Thunderbolt
Press: ? - help, Shift-Dir - straight line, f - titanic slime creature
Aim: a titanic slime creature (almost dead)
The thunderbolt hits the titanic slime creature.
The titanic slime creature is almost dead.
Unknown command.
You hit the titanic slime creature.
The titanic slime creature is almost dead.
The titanic slime creature hits you!!!
You die...

###.........#
###.........#
####
...........##
##..#
#..........###
##..##
....###...##
##..## #...
##...####..##
#..
###...#..## ##
##....##
###@## .. #J#
..# #.# ...#
#.# ....# #.#
.....##.#
#.....#.#
........#
........#


You could see a titanic slime creature.

Vanquished Creatures
  A minotaur (Lab)
  Snorg (Orc:1)
  Josephine (D:14)
  2 ettins
  5 hydras
  A death knight (D:11)
  A catoblepas (Lair:6)
  2 centaur warriors (D:13)
  Erica (Orc:1)
  An alligator (shapeshifter) (D:13)
  A deep troll shaman (Lair:6)
  3 two-headed ogres
  4 death yaks (Lair:6)
  A fire crab (shapeshifter) (D:14)
  3 unseen horrors
  5 orc knights (Orc:2)
  A wizard (D:12)
  A necromancer (D:14)
  A wolf spider (Lair:3)
  A deep elf mage (D:14)
  An ugly thing (D:12)
  2 orc sorcerers
  2 manticores
  5 cyclopes
  9 elephants (Lair:6)
  Joseph (D:7)
  4 black mambas
  A gargoyle (D:12)
  A kobold demonologist (D:12)
  2 centaur skeletons
  2 komodo dragons (Lair:6)
  10 spiny frogs
  2 tengu conjurers (D:14)
  A rime drake (Lair:5)
  12 trolls
  2 hornets
  A polar bear (Lair:6)
  5 slime creatures
  2 dream sheep (D:8)
  23 blink frogs
  5 hippogriffs
  3 redbacks (Lab)
  6 wraiths
  3 wyverns
  2 basilisks
  52 yaks
  A water elemental (D:13)
  2 hungry ghosts (Lab)
  3 vampire mosquitoes (D:13)
  5 wargs
  A soldier ant (D:14)
  16 porcupines
  10 water moccasins
  2 hell hounds (D:10)
  Duvessa (D:4)
  4 phantoms
  40 orc warriors
  6 sky beasts
  An ice beast (D:11)
  A sky beast (shapeshifter) (D:13)
  3 black bears
  15 wolves
  6 ogres
  10 centaurs
  8 crocodiles
  3 big kobolds (D:8)
  17 bullfrogs
  Dowan (D:4)
  A wyvern skeleton (D:11)
  4 scorpions
  6 killer bees (D:10)
  3 electric eels
  3 wights (D:13)
  3 howler monkeys (D:7)
  7 crimson imps
  2 bullfrog zombies
  A quasit (D:12)
  2 centaur zombies
  5 hounds
  A jelly (D:5)
  14 orc priests
  4 bullfrog skeletons
  24 orc wizards
  4 iguanas
  5 worker ants
  A killer bee zombie (D:9)
  A hound zombie (D:10)
  A hound skeleton (D:7)
  A worker ant zombie (D:5)
  3 gnolls (D:4)
  14 adders
  3 shadow imps
  14 oozes
  An adder skeleton (D:5)
  An adder zombie (D:6)
  3 dart slugs
  14 leopard geckos
  86 orcs
  9 giant cockroaches
  3 goblins
  9 hobgoblins
  13 jackals
  8 kobolds
  2 quokkas
  10 ball pythons
  9 bats
  18 frilled lizards
  A leopard gecko skeleton (D:6)
  2 leopard gecko zombies
  2 rats (D:2)
  2 fungi (Lair:6)
  A plant (Lair:6)
673 creatures vanquished.

Vanquished Creatures (others)
  3 bushes (Lair:6)
  7 fungi
  14 plants
24 creatures vanquished.

Grand Total: 697 creatures vanquished

Notes
Turn   | Place    | Note
-------+----------+-------------------------------------------
     0 | D:1      | erloom the Naga Transmuter began the quest for the Orb.
     0 | D:1      | Reached XP level 1. HP: 18/18 MP: 3/3
   327 | D:1      | Reached XP level 2. HP: 24/25 MP: 3/5
  1198 | D:2      | Reached XP level 3. HP: 24/31 MP: 4/6
  1346 | D:2      | Learned a level 3 spell: Spider Form
  1813 | D:2      | Reached skill level 1 in Poison Magic
  2049 | D:2      | Reached XP level 4. HP: 36/38 MP: 6/8
  2328 | D:3      | Noticed a bullfrog
  2335 | D:3      | Killed a bullfrog
  2335 | D:3      | Reached XP level 5. HP: 38/44 MP: 2/9
  3223 | D:4      | Reached XP level 6. HP: 41/51 MP: 7/10
  3483 | D:4      | Reached skill level 5 in Poison Magic
  3491 | D:4      | Reached skill level 4 in Unarmed Combat
  3789 | D:4      | Noticed Duvessa
  3789 | D:4      | Noticed Dowan
  3807 | D:4      | Killed Duvessa
  3807 | D:4      | Reached XP level 7. HP: 31/57 MP: 8/11
  3815 | D:4      | Killed Dowan
  3949 | D:4      | Found Diaprij's Antique Weapon Emporium.
  4072 | D:5      | Entered Level 5 of the Dungeon
  4138 | D:4      | Reached skill level 5 in Transmutations
  4147 | D:5      | Reached skill level 5 in Unarmed Combat
  4233 | D:5      | Found Qaymesk's Weapon Shop.
  4535 | D:5      | Reached XP level 8. HP: 55/64 MP: 9/12
  4837 | D:5      | Found Sianaj's General Store.
  4942 | D:6      | Reached skill level 6 in Unarmed Combat
  4954 | D:6      | Found a staircase to the Ecumenical Temple.
  4977 | D:6      | Found a glowing drain.
  4989 | Sewer    | Entered a sewer
  5520 | Temple   | Entered the Ecumenical Temple
  5625 | Temple   | Became a worshipper of Cheibriados the Contemplative
  5641 | Temple   | Learned a level 5 spell: Blade Hands
  6000 | D:6      | Reached XP level 9. HP: 65/70 MP: 11/15
  6602 | D:7      | Reached * piety under Cheibriados
  6758 | D:7      | Noticed Joseph
  6780 | D:7      | Killed Joseph
  6780 | D:7      | Reached skill level 5 in Spellcasting
  7203 | D:7      | Learned a level 4 spell: Ice Form
  8522 | D:8      | Found an ancient bone altar of Kikubaaqudgha.
  8726 | D:8      | Reached XP level 10. HP: 63/78 MP: 13/20
  8866 | D:8      | Reached ** piety under Cheibriados
  8973 | D:8      | Reached skill level 10 in Transmutations
  8992 | D:8      | Reached skill level 7 in Unarmed Combat
  9220 | D:8      | Noticed a three-headed hydra
  9231 | D:8      | Killed a three-headed hydra
  9853 | D:9      | Noticed a cyclops
  9863 | D:9      | Killed a cyclops
  9863 | D:9      | Reached skill level 1 in Invocations
  9939 | D:9      | Reached skill level 8 in Unarmed Combat
  9988 | D:9      | Reached *** piety under Cheibriados
 10016 | D:9      | Reached XP level 11. HP: 82/93 MP: 16/21
 10514 | D:10     | Entered Level 10 of the Dungeon
 10538 | D:10     | Reached skill level 1 in Stealth
 10676 | D:10     | Reached skill level 5 in Fighting
 10848 | D:10     | Reached **** piety under Cheibriados
 11015 | D:10     | Found a staircase to the Lair.
 11291 | D:10     | Found a staircase to the Orcish Mines.
 11368 | D:10     | Reached skill level 1 in Armour
 11543 | Lair:1   | Entered Level 1 of the Lair of Beasts
 11951 | Lair:1   | Reached skill level 9 in Unarmed Combat
 12243 | Lair:1   | Reached skill level 5 in Invocations
 13102 | Lair:2   | Reached XP level 12. HP: 106/106 MP: 16/22
 13699 | Lair:3   | Found a hole to the Spider Nest.
 14048 | Lair:3   | Reached skill level 10 in Unarmed Combat
 14101 | Lair:3   | Reached ***** piety under Cheibriados
 14789 | Lair:4   | Found a staircase to the Swamp.
 14829 | Lair:4   | Found a shimmering altar of Xom.
 15672 | Lair:5   | Noticed an eight-headed hydra
 15682 | Lair:5   | Killed an eight-headed hydra
 15682 | Lair:5   | Reached skill level 11 in Unarmed Combat
 15682 | Lair:5   | Gained mutation: You can use your snake-like lower body to constrict enemies. [Naga growth]
 15682 | Lair:5   | Reached XP level 13. HP: 86/120 MP: 20/24
 16198 | Lair:6   | Entered Level 6 of the Lair of Beasts
 16566 | Lair:6   | Reached ****** piety under Cheibriados
 17043 | Lair:6   | Found a runed door.
 17044 | Lair:6   | Noticed an acid blob
 17047 | Lair:6   | Found a viscous altar of Jiyva.
 17047 | Lair:6   | Found a staircase to the Slime Pits.
 17184 | Lair:6   | Reached skill level 10 in Fighting
 17300 | Lair:6   | Reached skill level 10 in Invocations
 17445 | Lair:6   | Reached skill level 12 in Unarmed Combat
 17576 | Lair:6   | Reached XP level 14. HP: 126/133 MP: 22/27
 17688 | Lair:6   | Learned a level 6 spell: Statue Form
 18012 | D:11     | Reached skill level 1 in Earth Magic
 18641 | D:11     | Reached skill level 5 in Earth Magic
 19537 | D:12     | Found a runed door.
 19537 | D:12     | Noticed a war gargoyle
 19537 | D:12     | Noticed a fire giant
 19539 | D:12     | Noticed a deep elf annihilator
 19540 | D:12     | Found the +5 scythe "Finisher" {speed, Str+3}
 19656 | Orc:1    | Entered Level 1 of the Orcish Mines
 19664 | Orc:1    | Noticed Snorg
 19673 | Orc:1    | Killed Snorg
 19936 | Orc:2    | Entered Level 2 of the Orcish Mines
 19997 | Orc:1    | Noticed Erica
 20042 | Orc:1    | Killed Erica
 20435 | Orc:2    | Found a staircase to the Elven Halls.
 20628 | Orc:2    | Found Cebed's Antique Weapon Shoppe.
 20663 | Orc:2    | Found Pajaemp's Jewellery Shop.
 21162 | Orc:2    | Found a roughly hewn altar of Beogh.
 21171 | Orc:2    | Found Git Ruru's Magic Scroll Shoppe.
 21171 | Orc:2    | Found Ytemn's Antique Armour Shop.
 21199 | Orc:2    | Bought an ichor-stained scale mail for 306 gold pieces
 21211 | Orc:2    | Identified the +2 scale mail of Shadows and Fog {+Blink Str+4} (You bought it in a shop on level 2 of the Orcish Mines)
 21231 | Orc:2    | Bought a scroll of identify for 22 gold pieces
 21231 | Orc:2    | Bought 3 scrolls of magic mapping for 115 gold pieces
 21231 | Orc:2    | Bought a scroll of teleportation for 33 gold pieces
 21231 | Orc:2    | Bought a scroll of teleportation for 33 gold pieces
 21231 | Orc:2    | Bought a scroll of enchant armour for 82 gold pieces
 21231 | Orc:2    | Bought a scroll of enchant weapon for 82 gold pieces
 21231 | Orc:2    | Bought a scroll of magic mapping for 38 gold pieces
 21231 | Orc:2    | Bought a scroll of identify for 22 gold pieces
 21231 | Orc:2    | Bought a scroll of magic mapping for 38 gold pieces
 21231 | Orc:2    | Bought a scroll of fear for 38 gold pieces
 21895 | D:13     | Reached skill level 10 in Spellcasting
 21916 | D:13     | Found Inluneo's Distillery.
 21969 | D:13     | Reached skill level 10 in Earth Magic
 21969 | D:13     | Reached XP level 15. HP: 70/139 MP: 25/29
 21986 | D:13     | Found a labyrinth entrance.
 22000 | Lab      | Entered a labyrinth
 22425 | Lab      | Got a fine dagger {flame}
 22433 | Lab      | Identified the Tome of Pragmatism
 22437 | Lab      | Identified the Incunabulum of the Exiled Blessings
 22449 | Lab      | Got a sparkling bronze ring
 22452 | Lab      | Identified the ring "Ygeloemu" {Str-3 Dex+4 Stlth+} (You found it in a labyrinth)
 22650 | D:13     | Bought a potion of invisibility for 128 gold pieces
 22660 | D:13     | Upgraded the game from 0.22-a0-322-g60b3cfd to 0.22-a0-346-ga714374
 23034 | D:12     | Identified the +9 dagger of Cataclysm {flame, rC+ Int+5} (You took it off a minotaur in a labyrinth)
 23529 | D:14     | Noticed Josephine
 23537 | D:14     | Killed Josephine
 23849 | D:14     | Found a snail-covered altar of Cheibriados.
 23975 | D:14     | Found a gate to the Vaults.
 24039 | D:14     | Found a portal to a secret trove of treasure.
 24158 | D:14     | Mangled by a titanic slime creature

Vault maps used:
D:1:      dpeg_arrival_arbitrary_c
D:2:      first_ration, serial_bayou_ford_a
D:4:      serial_shops, shop, uniq_duvessa
D:5:      serial_shops, shop_fountains, shop_statue
D:6:      temple_statues, cheibrodos_sewer_entry_drain, bh_walls_and_bars
D:7:      cheibrodos_two_vegetables, lemuel_centaur_altar, uniq_joseph
D:8:      kiku_gazebo_pond_becter, hangedman_ranch, grunt_ministairs_10
D:9:      corexii_hall_statues_i, st_stairs_10
D:10:     minmay_lair_entry_lava, orc_0_dummy, corexii_hall_statues_i,
          grunt_decor_cap, lightli_corner_chamber
D:11:     kennysheep_small_circle
D:12:     minmay_gate_of_8, minmay_stone_trees_small
D:13:     serial_shops, nicolae_shop_waterfront, lab_entry_generic,
          kennysheep_doodads, nrook_loot_triangle, minivault_25,
          kennysheep_generic_room_6
D:14:     david_vaults_4, nicolae_twisting_strands, enter_trove_1,
          cheibriados_altar_1, uniq_josephine
Temple:   kilobyte_greek_temple
Lair:1:   st_stairs_6, serial_bayou_lake_a
Lair:2:   beast_lair_carwin_3
Lair:3:   spider_nest_entry_rubble, minmay_lair_oklob_bushes
Lair:4:   swamp_mist, basic_altar
Lair:6:   grunt_lair_end_beastmaster, slime_altar_2
Orc:1:    uniq_erica, uniq_snorg
Orc:2:    st_orc_town
Lab:      nicolae_lab_dead_adventurers, labyrinth_skeletal_remains,
          nicolae_lab_flowing_pool, nicolae_lab_dead_end, nicolae_lab_t_cross
Sewer:    sewer_frog_island_02

Skill      XL: |  1  2  3  4  5  6  7  8  9 10 11 12 13 14 15 |
---------------+----------------------------------------------+-----
Transmutations | 3 4 5 7 9 10 | 10.8
Spellcasting   | 3 4 6 7 9 10 11 | 11.3
Poison Magic   | 1 4 5 |  5.0
Unarmed Combat | 4 5 6 8 9 11 12 | 12.0
Fighting       | 4 6 8 10 | 10.3
Ice Magic      | 3 |  3.1
Invocations    | 2 5 8 10 | 10.0
Stealth        | 3 |  3.0
Dodging        | 3 |  3.3
Armour         | 3 |  3.3
Earth Magic    | 10 | 10.0

Action                   |  1- 3 |  4- 6 |  7- 9 | 10-12 | 13-15 || total
-------------------------+-------+-------+-------+-------+-------++-------
Melee: Unarmed           |    89 |   119 |   431 |   402 |   633 ||  1674
       Headbutt          |     7 |     5 |       |       |       ||    12
       Punch             |     1 |     1 |     2 |    20 |    55 ||    79
       Constrict         |       |       |       |       |   122 ||   122
 Cast: Beastly Appendage |    14 |    14 |       |       |       ||    28
       Spider Form       |       |     6 |    40 |       |       ||    46
       Blade Hands       |       |       |     4 |    75 |    84 ||   163
       Ice Form          |       |       |       |     2 |     4 ||     6
       Statue Form       |       |       |       |       |     1 ||     1
Invok: Slouch            |       |       |       |     3 |     9 ||    12
 Abil: Spit Poison       |    34 |    39 |    37 |    66 |    34 ||   210
Evoke: Lightning rod     |       |       |       |       |     1 ||     1
  Use: Scroll            |       |     3 |     5 |    12 |    18 ||    38
       Potion            |       |     1 |       |       |     3 ||     4
 Stab: Distracted        |       |       |       |     1 |     2 ||     3
       Sleeping          |       |       |       |       |     4 ||     4
  Eat: Chunk             |    15 |     8 |    20 |    35 |    34 ||   112
Armor: Robe              |    18 |    34 |    30 |    63 |       ||   145
       Skin              |       |     8 |    67 |     8 |    19 ||   102
       Troll leather arm |       |       |       |    79 |   170 ||   249
       Ring mail         |       |       |       |       |   107 ||   107
Dodge: Dodged            |    67 |    90 |   349 |   194 |   339 ||  1039

Table legend:
 A = Spawn XP
 B = Non-spawn XP
 C = Spawn XP percentage of total XP
 D = Spawn monster count
 E = Non-spawn monster count
 F = Spawn count percentage of total count
 G = Total turns spent on level
                    A         B        C        D         E        F      G
               +---------+---------+-------+---------+---------+-------+---------
         Total |       0 |  103822 |   0.0 |       0 |     670 |   0.0 | 24158
               +---------+---------+-------+---------+---------+-------+---------
           D:1 |       0 |      33 |   0.0 |       0 |      20 |   0.0 |  1182
           D:2 |       0 |      56 |   0.0 |       0 |      23 |   0.0 |  1068
           D:3 |       0 |     174 |   0.0 |       0 |      21 |   0.0 |   944
           D:4 |       0 |     559 |   0.0 |       0 |      17 |   0.0 |   896
           D:5 |       0 |     458 |   0.0 |       0 |      16 |   0.0 |   813
           D:6 |       0 |     868 |   0.0 |       0 |      22 |   0.0 |  1023
           D:7 |       0 |    1346 |   0.0 |       0 |      18 |   0.0 |  1875
           D:8 |       0 |    3182 |   0.0 |       0 |      20 |   0.0 |  1089
           D:9 |       0 |    2386 |   0.0 |       0 |      24 |   0.0 |   975
          D:10 |       0 |    2317 |   0.0 |       0 |      29 |   0.0 |  1189
          D:11 |       0 |    6056 |   0.0 |       0 |      26 |   0.0 |   975
          D:12 |       0 |    6383 |   0.0 |       0 |      29 |   0.0 |  1031
          D:13 |       0 |    9593 |   0.0 |       0 |      35 |   0.0 |   963
          D:14 |       0 |    9396 |   0.0 |       0 |      27 |   0.0 |   637
        Lair:1 |       0 |    4327 |   0.0 |       0 |      22 |   0.0 |  1060
        Lair:2 |       0 |    3407 |   0.0 |       0 |      16 |   0.0 |   982
        Lair:3 |       0 |    5880 |   0.0 |       0 |      24 |   0.0 |   961
        Lair:4 |       0 |    2816 |   0.0 |       0 |      12 |   0.0 |   733
        Lair:5 |       0 |    5256 |   0.0 |       0 |      23 |   0.0 |  1015
        Lair:6 |       0 |   21567 |   0.0 |       0 |      61 |   0.0 |  1558
         Orc:1 |       0 |    3873 |   0.0 |       0 |      27 |   0.0 |   408
         Orc:2 |       0 |   11232 |   0.0 |       0 |     101 |   0.0 |  1675
           Lab |       0 |    2305 |   0.0 |       0 |       6 |   0.0 |   457
         Sewer |       0 |     352 |   0.0 |       0 |      51 |   0.0 |   505
               +---------+---------+-------+---------+---------+-------+---------
